 Dungeon Sprint DCSS version 0.32-a0-799-g95e1662365 (webtiles) character file.

Game seed: 2506321483064639266

93 garrulousMonolith the Chopper (level 4, -6/63 HPs)
             Began as a Mountain Dwarf Fighter on Mar 21, 2024.
             Was a Priest of Beogh.
             Mangled by Ortolf the orc apostle
             ... wielding a +3 great sword of holy wrath
              (23 damage)
             ... in the Dungeon (Sprint VII: "The Pits").
             The game lasted 00:01:25 (246 turns).

garrulousMonolith the Chopper (MDFi)                 Turns: 246, Time: 00:01:25

Health: -6/63      AC: 12    Str: 18    XL:     4   Next: 36%
Magic:  7/7        EV:  6    Int: 11    God:    Beogh [***...]
Gold:   0          SH:  4    Dex:  9    Spells: 3/3 levels left

rFire   . . .        f - +1 hand axe (freeze)
rCold   . . .        c - +0 buckler
rNeg    . . .        e - +3 chain mail
rPois   .            (no helmet)
rElec   .            (no cloak)
rCorr   .            (no gloves)
SInv    .            (no boots)
Will    .....        (no amulet) Stlth
                     (no ring)
HPRegen 0.30/turn    (no ring)
MPRegen 0.10/turn

%: no teleportation
@: mighty, berserking (expiring), invisible, very quick
A: runic magic, artefact enchanting
a: Renounce Religion, Smiting


You were in the Dungeon.
You worshipped Beogh.
Beogh was most pleased with you.
You visited 1 branch

Inventory:

Hand Weapons
 a - a +0 war axe
 f - a +1 hand axe of freezing (weapon)
 o - a +2 trident
 p - a +2 hand axe
Armour
 b - a +0 scale mail
 c - a +0 buckler (worn)
 e - a +3 chain mail (worn)
Scrolls
 j - a scroll of blinking
 l - 2 scrolls of vulnerability
 m - 5 scrolls of amnesia
 n - a scroll of summoning
Potions
 g - a potion of haste
 h - 4 potions of magic
 i - 2 potions of berserk rage


   Skills:
 + Level 5.0 Fighting
 * Level 6.5 Axes
 + Level 5.1 Armour
 + Level 5.0 Shields
 + Level 4.2 Invocations


You had 3 spell levels left.
You didn't know any spells.
Your spell library was empty.

Dungeon Overview and Level Annotations

Branches:
Dungeon (1/1)

Altars:
Ashenzari
Cheibriados
Dithmenos
Elyvilon
Fedhas
Gozag
Hepliaklqana
Kikubaaqudgha
Makhleb
Nemelex Xobeh
Okawaru
Qazlal
Ru
Sif Muna
Trog
Uskayaw
Vehumet
Wu Jian
Xom
Yredelemnul
Zin
The Shining One
Beogh
Jiyva
Lugonu


Innate Abilities, Weirdness & Mutations

Your facial features look somewhat orcish.
Your spellcasting is much less encumbered by armour.
You can use scrolls of enchantment on lesser artefacts.


Message History

You see here a +2 heavy trident.
You see here a +2 mace of protection.
You see here a +2 quarterstaff of protection.
Ortolf the orc apostle comes into view.
He is wielding a +3 great sword of holy wrath.
You see here 5 potions of curing.
You see here 5 potions of heal wounds.
You feel very mighty all of a sudden.
You fade into invisibility!
A red film seems to cover your vision as you go berserk!
You feel yourself moving faster!
You feel mighty!
You feel a strong urge to attack something.
Ortolf hits you with a +3 great sword of holy wrath!
You see here a +2 mace of protection.
You closely miss Ortolf. You closely miss Ortolf.
Ortolf hits you but does no damage.
You completely miss Ortolf. You block Ortolf's attack.
You hit Ortolf. You freeze Ortolf.
Ortolf is lightly wounded.
Ortolf hits you with a +3 great sword of holy wrath.
You barely miss Ortolf.
Ortolf is lightly wounded.
You slash Ortolf! You freeze Ortolf.
Ortolf is moderately wounded.
Ortolf hits you with a +3 great sword of holy wrath!
You closely miss Ortolf.
Ortolf is moderately wounded.
Ortolf hits you but does no damage.
You barely miss Ortolf.
Ortolf is moderately wounded.
You barely miss Ortolf.
Ortolf is moderately wounded.
Ortolf hits you with a +3 great sword of holy wrath!
* * * LOW HITPOINT WARNING * * *
You hit Ortolf. You freeze Ortolf.
Ortolf is moderately wounded.
You barely miss Ortolf.
Ortolf is moderately wounded.
Ortolf hits you with a +3 great sword of holy wrath!!
You die...
Beogh appreciates Ortolf's killing of a heretic priest.

#_________.#
#_______...###########++
##########'##...........
#..(.')))'.##......#..#
##########.##..........
#...........'...........
#+#####'#####......#..#.
#..)..#!!##...........
#..†..#)@#####'#####+
###†###)o##.......#
#.)...#))##.......#
#..).)#.[##.......#
####)##'###...<...#
#..).)...##.......#
#........##.......#
###########.......#
#########


You could see Ortolf the orc apostle (divinely empowered).

Vanquished Creatures
  2 orc wizards (D)
  3 gnolls (D)
  2 orcs (D)
  2 giant cockroaches (D)
  2 jackals (D)
  A ball python skeleton (D)
12 creatures vanquished.

Vanquished Creatures (others)
  An ufetubus (D)
  An orc (D)
2 creatures vanquished.

Grand Total: 14 creatures vanquished

Notes
Turn   | Place    | Note
-------+----------+-------------------------------------------
     0 | D        | garrulousMonolith the Mountain Dwarf Fighter began the
                  | quest for the Orb.
     0 | D        | Reached XP level 1. HP: 19/19 MP: 1/1
    36 | D        | Found a glowing golden altar of the Shining One.
    36 | D        | Found a glowing silver altar of Zin.
    36 | D        | Found a basalt altar of Yredelemnul.
    36 | D        | Found a shimmering altar of Xom.
    36 | D        | Found an ornate altar of the Wu Jian Council.
    36 | D        | Found a bloodstained altar of Trog.
    36 | D        | Found a shimmering blue altar of Sif Muna.
    36 | D        | Found a sacrificial altar of Ru.
    36 | D        | Found a stormy altar of Qazlal.
    36 | D        | Found an iron altar of Okawaru.
    36 | D        | Found a sparkling altar of Nemelex Xobeh.
    36 | D        | Found a burning altar of Makhleb.
    36 | D        | Found a viscous altar of Jiyva.
    36 | D        | Found a hazy altar of Hepliaklqana.
    36 | D        | Found an opulent altar of Gozag.
    36 | D        | Found a blossoming altar of Fedhas.
    36 | D        | Found a white marble altar of Elyvilon.
    36 | D        | Found a shadowy altar of Dithmenos.
    36 | D        | Found a snail-covered altar of Cheibriados.
    49 | D        | Found a radiant altar of Vehumet.
    49 | D        | Found a corrupted altar of Lugonu.
    49 | D        | Found a roughly hewn altar of Beogh.
    50 | D        | Found an ancient bone altar of Kikubaaqudgha.
    50 | D        | Found a hide-covered altar of Uskayaw.
    50 | D        | Found a broken altar of Ashenzari.
    57 | D        | Became a worshipper of Beogh the Shepherd
    76 | D        | Reached skill level 3 in Axes
    76 | D        | Reached skill level 1 in Invocations
    80 | D        | Reached XP level 2. HP: 18/27 MP: 1/3
   119 | D        | Reached * piety under Beogh
   120 | D        | Reached skill level 4 in Axes
   168 | D        | Reached ** piety under Beogh
   170 | D        | Reached XP level 3. HP: 30/33 MP: 3/5
   173 | D        | Reached skill level 5 in Axes
   186 | D        | Reached XP level 4. HP: 38/41 MP: 1/6
   188 | D        | Reached skill level 5 in Fighting
   188 | D        | Reached skill level 6 in Axes
   188 | D        | Reached skill level 5 in Armour
   188 | D        | Reached skill level 5 in Shields
   192 | D        | Reached *** piety under Beogh
   230 | D        | Noticed Ortolf
   246 | D        | Mangled by Ortolf the orc apostle

Illustrated notes

Levels and vault maps discovered:
D:        pitsprint [storerooms_1, entrance_room_1, metal_vault_7, armoury_1,
          mini_pit_1, grid_room_1, main_hall_1, silver_pit, the_coven_1,
          the_vestibule_1, steel_vault_5, golden_pit, hallway_of_sentries,
          crystal_vault_2, iron_vault_1, final_vault]

Skill      XL: |  1  2  3  4 |
---------------+-------------+-----
Axes           | 3 4 5 6 |  6.5
Invocations    | 2 3 4 |  4.2
Fighting       | 4 5 |  5.0
Armour         | 4 5 |  5.1
Shields        | 4 5 |  5.0

Action                     |  1- 3 |  4- 6 || total
---------------------------+-------+-------++-------
  Melee: War axe           |    36 |     6 ||    42
         Hand axe          |       |    11 ||    11
 Invoke: Smiting           |     1 |       ||     1
    Use: Potion            |     3 |     3 ||     6
   Stab: Invisible         |     2 |       ||     2
 Armour: Scale mail        |    52 |     3 ||    55
         Chain mail        |       |     7 ||     7
  Dodge: Dodged            |    33 |     7 ||    40
  Block: Buckler           |    11 |     2 ||    13

Table legend: (Time is in decaauts)
 A = Elapsed time spent in this place.
 B = Non-inter-level travel time spent in this place.
 C = Inter-level travel time spent in this place.
 D = Time resting spent in this place.
 E = Time spent auto-exploring this place.
 F = Levels seen in this place.
 G = Mean time per level.
                   A        B        C        D        E       F      G
               +--------+--------+--------+--------+--------+-----+--------+
         Total |    254 |    254 |      0 |     74 |      0 |   1 |  254.0 |
       Dungeon |    254 |    254 |      0 |     74 |      0 |   1 |  254.0 |
               +--------+--------+--------+--------+--------+-----+--------+

Top non-repeatable levels by time:
       D: 254 daAuts
